 Dungeon Crawl Stone Soup version 0.28.0-53-g5a82cb258f (webtiles) character file.

Game seed: 18213104458353586688

18 RevDB the Skirmisher (level 2, 7/24 HPs)
             Began as a Human Cinder Acolyte on June 28, 2022.
             Was a High Priest of Ignis.
             Quit the game on level 1 of the Dungeon.
             The game lasted 00:11:17 (602 turns).

RevDB the Skirmisher (Human Cinder Acolyte)          Turns: 602, Time: 00:11:17

Health: 7/24       AC:  3    Str: 14    XL:     2   Next: 85%
Magic:  4/4        EV: 11    Int: 14    God:    Ignis [*****.]
Gold:   0          SH:  0    Dex:  8    Spells: 3/3 levels left

rFire   + . .      SeeInvis .   a - -1 hand axe (flame)
rCold   . . .      Faith    .   (no shield)
rNeg    . . .      Spirit   .   b - +0 robe
rPois   .          Reflect  .   (no helmet)
rElec   .          Harm     .   e - +0 cloak
rCorr   .          Rampage  .   (no gloves)
Will    .....                   (no boots)
Stlth   +.........              (no amulet)
HPRegen 0.08/turn               (no ring)
MPRegen 0.09/turn               (no ring)

@: no status effects
A: no striking features
a: Renounce Religion, Fiery Armour, Foxfire Swarm, Rising Flame


You were on level 1 of the Dungeon.
You worshipped Ignis.
Ignis was extremely pleased with you.
You visited 1 branch of the dungeon, and saw 1 of its levels.

Inventory:

Hand Weapons
 a - a -1 hand axe of flaming (weapon)
Missiles
 c - 28 stones (quivered)
Armour
 b - a +0 robe (worn)
 e - a +0 cloak (worn)
Potions
 d - a potion of cancellation {unknown}
 f - a potion of heal wounds {unknown}
 g - a potion of curing {unknown}


   Skills:
 + Level 3.2 Fighting
 + Level 3.2 Axes
 + Level 1.4 Spellcasting
 + Level 3.2 Fire Magic


You had 3 spell levels left.
You didn't know any spells.
Your spell library contained the following spells:

 Spells                   Type           Power      Damage    Failure   Level
 Scorch                   Fire           20%        2d6       10%         2
 Gell's Gravitas          Tloc           1%         N/A       58%         3
 Teleport Other           Tloc           1%         N/A       58%         3
 Dispersal                Tloc           0%         N/A       100%        6


Dungeon Overview and Level Annotations

Branches:
Dungeon (1/15)

Altars:

Shops:
D:1 ((


Message History

You completely miss the jackal.
The jackal is moderately wounded.
The jackal bites you.
The jackal bites you but does no damage.
You hit the jackal. You burn the jackal.
You kill the jackal!
You closely miss the jackal. The jackal misses you.
The jackal bites you but does no damage.
You hit the jackal but do no damage. The jackal closely misses you.
The jackal bites you but does no damage.
You hit the jackal but do no damage. The jackal closely misses you.
You barely miss the jackal. The jackal barely misses you. x2
You hit the jackal. You burn the jackal.
The jackal is heavily wounded.
The jackal bites you.
* * * LOW HITPOINT WARNING * * *
The jackal barely misses you.
You miss the jackal.
The jackal is heavily wounded.
The jackal barely misses you.
You hit the jackal. You burn the jackal.
You kill the jackal!
The jackal bites you but does no damage.
You barely miss the jackal. The jackal misses you.
You hit the jackal. You burn the jackal.
The jackal is heavily wounded.
The jackal bites you but does no damage.
The jackal barely misses you.
You hit the jackal. You burn the jackal.
You kill the jackal!
Items here: ††††.
There are no objects that can be picked up here. a jackal corpse x2; a bat corpse; a jackal corpse
Found a coppery potion.
c - 27 stones (gained 1)
There are no items here.
c - 28 stones (gained 1)
g - a coppery potion Unknown command.
Are you sure you want to abandon this character and quit the game? (Confirm with "yes".)

# ###...#####†####
#
#.)......#.....####
#
#.##.###...........
## #.# .#
#.#......... .##
#.# .###.#...#.....
..## #.#
...............
..8###†#
####.##.###....
...'.#.######. #.#
#### ...'..........
#@# ...'.#########
#.# ..8#....# #.#
..#####.# #.#
.######.###### #.#
####..............
#.......########.#
####.#### ... # #.#


There were no monsters in sight!

Vanquished Creatures
  A ball python (D:1)
  A bat (D:1)
  An endoplasm (D:1)
  A giant cockroach (D:1)
  2 goblins (D:1)
  A hobgoblin (D:1)
  4 jackals (D:1)
  A kobold (D:1)
  3 rats (D:1)
15 creatures vanquished.

Notes
Turn   | Place    | Note
-------+----------+-------------------------------------------
     0 | D:1      | RevDB the Human Cinder Acolyte began the quest for the Orb.
     0 | D:1      | Reached XP level 1. HP: 18/18 MP: 2/2
    28 | D:1      | Found Xigo's Antique Weapon Boutique.
   173 | D:1      | Found Fageohos's Weapon Shoppe.
   259 | D:1      | Reached XP level 2. HP: 22/24 MP: 3/3
   602 | D:1      | Quit the game

Illustrated notes

Levels and vault maps discovered:
D:1:      kennysheep_arrival_forest, layout_loops_corners, serial_shops,
          nicolae_shop_hallway_stairs, nicolae_shop_trees, nicolae_shop_crystal,
          nicolae_shop_competitors_out_of_business

Action                   || total
-------------------------++-------
Melee: Hand axe          ||    70
Throw: Stone             ||    11
  Use: Scroll            ||     2
Armor: Robe              ||    18
Dodge: Dodged            ||    42
